 Dungeon Crawl Stone Soup version 0.30-a0-627-gc11e7ae810 (webtiles) character file.

Game seed: 6527103858431867220

11967 Citaku the Protected (level 11, -1/101 HPs)
             Began as a Minotaur Fighter on Jan 12, 2023.
             Was an Initiate of Gozag.
             Slain by a +2 dire flail of chaos (6 damage)
             ... on level 11 of the Dungeon.
             The game lasted 00:22:28 (10949 turns).

Citaku the Protected (Minotaur Fighter)            Turns: 10949, Time: 00:22:28

Health: -1/101     AC: 18    Str: 25    XL:     11   Next: 56%
Magic:  0/10       EV: 15    Int:  5    God:    Gozag
Gold:   1933       SH:  0    Dex: 10    Spells: 10/10 levels left

rFire   . . .      SeeInvis .    H - +1 battleaxe (elec)
rCold   . . .      Faith    .    (shield currently unavailable)
rNeg    + . .      Spirit   +    d - +5 scale mail {Will+}
rPois   .          Reflect  .    (helmet restricted)
rElec   .          Harm     .    G - +2 cloak {Will+}
rCorr   .          Rampage  .    (no gloves)
Will    ++...                    (no boots) Stlth
                                 p - amulet of guardian spirit
HPRegen 0.36/turn                k - ring of positive energy
MPRegen 0.12/turn                (no ring)

@: agile, about to teleport, hasted, very quick
A: horns 2, retaliatory headbutt
a: Renounce Religion, Potion Petition, Call Merchant, Bribe Branch


You were on level 11 of the Dungeon.
You worshipped Gozag.
Gozag was most pleased with you.
You visited 2 branches of the dungeon, and saw 12 of its levels.
You also visited: Ossuary.

You collected 2310 gold pieces.
You spent 239 gold pieces at shops.
You paid 138 gold pieces to Gozag.

Inventory:

Hand Weapons
 H - a +1 battleaxe of electrocution (weapon)
Missiles
 t - 2 throwing nets (quivered)
Armour
 d - a +5 scale mail of willpower (worn)
 G - a +2 cloak of willpower (worn)
Jewellery
 k - a ring of positive energy (left hand)
 p - an amulet of guardian spirit (around neck)
Wands
 b - a wand of mindburst (8)
 o - a wand of polymorph (3)
 y - a wand of digging (6)
 B - a wand of flame (10)
Scrolls
 h - 3 scrolls of teleportation
 i - 2 scrolls of fog
 l - a scroll of fear
 r - 2 scrolls of magic mapping
 s - a scroll of amnesia
 A - 3 scrolls of butterflies
Potions
 f - 3 potions of mutation
 g - 2 potions of ambrosia
 j - 4 potions of lignification
 q - 5 potions of magic
 u - a potion of flight
 v - a potion of brilliance
 w - a potion of attraction
 x - 2 potions of curing


   Skills:
 + Level 10.6 Fighting
 * Level 14.1 Axes
 * Level 14.3 Armour
 - Level 3.6 Shields


You had 10 spell levels left.
You didn't know any spells.
Your spell library contained the following spells:

 Spells                   Type           Power      Damage    Failure   Level
 Shock                    Conj/Air       0%         1d3       69%         1
 Sting                    Tmut/Pois      0%         1d3       69%         1
 Poisonous Vapours        Pois/Air       0%         N/A       83%         2
 Swiftness                Air            0%         N/A       96%         3
 Tukima's Dance           Hex            0%         N/A       96%         3
 Airstrike                Air            0%         2d(0-16)  100%        4
 Olgreb's Toxic Radiance  Pois           0%         N/A       100%        4
 Passage of Golubria      Tloc           0%         N/A       100%        4
 Yara's Violent Unravell  Hex/Tmut       0%         3d3       100%        5
 Ozocubu's Refrigeration  Ice            0%         4d7       100%        7
 Ignition                 Fire           0%         3d3       100%        8


Dungeon Overview and Level Annotations

Branches:
Dungeon (11/15)            Temple (1/1) D:4            Lair (0/5) D:9
Ossuary (visited)
    Orc: D:9-12

Altars:
Ashenzari
Cheibriados
Dithmenos
Elyvilon
Fedhas
Gozag
Hepliaklqana
Kikubaaqudgha
Makhleb
Nemelex Xobeh
Okawaru
Qazlal
Ru
Sif Muna
Trog
Uskayaw
Vehumet
Wu Jian
Xom
Yredelemnul
Zin
The Shining One

Shops:
D:4 ?   D:6 :   D:10 *

Portals:
Abyss: D:10

Annotations:
D:10 2 transporters, anet's ghost, novice MiBe
D:11 Vioq's ghost, journeyman DEEE


Innate Abilities, Weirdness & Mutations

You have a pair of horns on your head.
You reflexively headbutt those who attack you in melee.


Message History

The +2 dire flail of chaos attacks as you move away!
The +2 dire flail of chaos hits you. You resist with almost no effort.
The +2 dire flail of chaos hits you!
You are poisoned.
You feel very sick.
The +2 dire flail of chaos hits you but does no damage.
Vioq's ghost closely misses you. The +2 dire flail of chaos hits you!
* * * LOW HITPOINT WARNING * * *
You are electrocuted!
* * * LOW HITPOINT WARNING * * *
You feel much better.
You feel sick.
The +2 dire flail of chaos hits you but does no damage.
You are more poisoned.
Vioq's ghost hits you but does no damage.
Okay, then.
You are too confused!
You feel better. The +2 dire flail of chaos hits you!!
* * * LOW HITPOINT WARNING * * *
You feel agile all of a sudden.
Vioq's ghost hits you but does no damage.
The +2 dire flail of chaos hits you!
* * * LOW HITPOINT WARNING * * *
You feel much better. The +2 dire flail of chaos hits you.
* * * LOW HITPOINT WARNING * * *
You feel yourself speed up.
Vioq's ghost gestures at you while chanting.
The stone arrow misses you.
You can't see any enemies this would affect, really read the scroll of fear? [Y]es or [N]o only, please.
You can't see any enemies this would affect, really read the scroll of fear?
Okay, then.
As you read the scroll of teleportation, it crumbles to dust.
You feel strangely unstable.
The +2 dire flail of chaos barely misses you.
Vioq's ghost hits you but does no damage.
The +2 dire flail of chaos hits you!!
* * * LOW HITPOINT WARNING * * *
The +2 dire flail of chaos burns you.
You die...
Your body crumbles into a pile of gold.

#######*.#,*,,*,**,**************
......#*,*,*,,,,,,,,*,,$,,,,,,,,,
......#*,*,**,*,*****##..#,****,,
......#*,*,**,*,* #...#,****,*
......#*,*,**,*,* #.#.#,**,,,*
......#*,,..,,,,* #.#.#,,,,.,,
###..#####.#*,*#######.#.####.#**
#..........,###...............*
#.#.#####.###.#@......#.#.....*
*#+#........#._W(..........###.**
.....#.###.###!#...............,,
.....#..##.#.###....##.#.####..,,
.....#.(...#.#,#....##.#.# *,,,,
.....#.##..#.#,#....##.#.# *****
##.###.##....#,#....#..#.#*******
#.###.##.##.#,##+###..#.(,,,,,,,
#.#.........#,*#.###..###*******


You could see a +2 dire flail of chaos and Vioq's ghost.

Vanquished Creatures
  A centaur warrior (D:10)
  2 two-headed ogres
  Pikel (D:5)
  A cyclops (D:11)
  Maurice (D:11)
  A gargoyle (D:11)
  A troll (D:9)
  2 hornets (D:9)
  A shadow (D:9)
  2 vampires
  25 yaks
  A wyvern (D:9)
  3 water moccasins
  3 orc warriors
  An ogre (D:7)
  2 black bears
  A sky beast (D:7)
  A centaur (D:9)
  2 phantoms
  A lemure (D:5)
  2 bullfrogs (D:8)
  4 scorpions
  5 wights (D:10)
  19 killer bees
  A vampire bat (D:7)
  A howler monkey (D:5)
  A human zombie (Ossuary)
  5 jellies
  Crazy Yiuf (D:4)
  4 orc priests
  4 hounds
  A gnoll bouda (D:7)
  6 iguanas
  9 orc wizards
  Terence (D:3)
  3 mummies (Ossuary)
  Robin (D:3)
  6 adders
  10 gnolls
  A white imp (D:8)
  An ufetubus (D:4)
  4 adder zombies (Ossuary)
  2 worms
  3 dart slugs
  35 orcs
  9 ball pythons
  6 endoplasms
  A giant cockroach (D:1)
  15 goblins
  9 hobgoblins
  4 jackals (D:1)
  6 kobolds
  15 bats
  4 frilled lizards
  A gnoll zombie (Ossuary)
  3 goblin zombies (Ossuary)
  4 hobgoblin zombies
  A kobold zombie (Ossuary)
  3 quokka zombies (Ossuary)
  3 rats
  2 rat zombies (Ossuary)
269 creatures vanquished.

Vanquished Creatures (others)
  A human (D:3)
  2 fungi (D:9)
  3 plants
6 creatures vanquished.

Grand Total: 275 creatures vanquished

Notes
Turn   | Place    | Note
-------+----------+-------------------------------------------
     0 | D:1      | Citaku the Minotaur Fighter began the quest for the Orb.
     0 | D:1      | Reached XP level 1. HP: 19/19 MP: 0/0
     6 | D:1      | Noticed a hound
     6 | D:1      | Noticed a polar bear
     7 | D:1      | Noticed a wyvern
   176 | D:1      | Reached XP level 2. HP: 23/27 MP: 1/1
   905 | D:1      | Reached XP level 3. HP: 33/33 MP: 2/2
  1424 | D:2      | Reached XP level 4. HP: 40/40 MP: 3/3
  1809 | D:3      | Noticed Robin
  1818 | D:3      | Reached skill level 5 in Armour
  1820 | D:3      | Killed Robin
  1830 | D:3      | Reached XP level 5. HP: 26/47 MP: 4/4
  2079 | D:3      | Found a shadowy altar of Dithmenos.
  2084 | D:3      | Found an ancient bone altar of Kikubaaqudgha.
  2085 | D:3      | Noticed a human
  2088 | D:3      | Killed a human
  2120 | D:3      | Found a bloodstained altar of Trog.
  2277 | D:3      | Noticed Terence
  2293 | D:3      | Killed Terence
  2961 | D:4      | Reached skill level 5 in Axes
  3025 | D:4      | Found a staircase to the Ecumenical Temple.
  3064 | Temple   | Entered the Ecumenical Temple
  3188 | D:4      | Found Qusoq's Magic Scroll Shop.
  3208 | D:4      | Reached XP level 6. HP: 55/55 MP: 5/5
  3242 | D:4      | Reached skill level 5 in Fighting
  3482 | D:4      | Found a runed translucent door.
  3483 | D:4      | Noticed Crazy Yiuf
  3492 | D:4      | Killed Crazy Yiuf
  3743 | D:4      | Found a hazy altar of Hepliaklqana.
  4106 | D:5      | Entered Level 5 of the Dungeon
  4112 | D:5      | Reached XP level 7. HP: 54/61 MP: 6/6
  4428 | D:5      | Found a burning altar of Makhleb.
  4480 | D:5      | Noticed Pikel
  4493 | D:5      | Killed Pikel
  4494 | D:5      | Reached XP level 8. HP: 53/70 MP: 4/7
  4631 | D:5      | Found a sand-covered staircase.
  4644 | Ossuary  | Entered an ossuary
  5373 | D:6      | Found Unirrenn's Book Emporium.
  5870 | D:6      | Found a shimmering blue altar of Sif Muna.
  5945 | D:6      | Found an ornate altar of the Wu Jian Council.
  6206 | D:7      | Found a white marble altar of Elyvilon.
  6214 | D:7      | Reached XP level 9. HP: 79/79 MP: 8/8
  6274 | D:7      | Found an opulent altar of Gozag.
  6281 | D:7      | Became a worshipper of Gozag Ym Sagoz the Greedy
  6307 | D:7      | Found a stormy altar of Qazlal.
  6542 | D:7      | Found a sacrificial altar of Ru.
  6562 | D:7      | Reached skill level 10 in Armour
  7173 | D:8      | Reached skill level 10 in Axes
  7871 | D:9      | Reached XP level 10. HP: 77/90 MP: 2/9
  8397 | D:9      | Found a staircase to the Lair.
  8398 | D:9      | Noticed a two-headed ogre
  8406 | D:9      | Killed a two-headed ogre
  9109 | D:4      | Bought a scroll of enchant armour for 97 gold pieces
  9371 | D:10     | Entered Level 10 of the Dungeon
  9496 | D:10     | Noticed a toenail golem
  9497 | D:10     | Found Ocybadoi's General Store.
  9503 | D:10     | Bought a scroll of brand weapon for 142 gold pieces
  9545 | D:10     | Reached XP level 11. HP: 99/99 MP: 10/10
  9756 | D:10     | Found a radiant altar of Vehumet.
  9774 | D:10     | Reached skill level 10 in Fighting
  9801 | D:10     | Found a transporter.
  9803 | D:10     | Noticed a skeletal warrior
  9938 | D:10     | Noticed a wizard
  9951 | D:10     | Found a one-way gate to the infinite horrors of the Abyss.
  9952 | D:10     | Noticed anet's ghost (novice MiBe)
 10012 | D:10     | Noticed a centaur warrior
 10020 | D:10     | Killed a centaur warrior
 10157 | D:10     | Found a transporter.
 10159 | D:10     | Noticed a great orb of eyes
 10380 | D:11     | Found a blossoming altar of Fedhas.
 10623 | D:11     | Noticed Maurice
 10646 | D:11     | Killed Maurice
 10765 | D:11     | Identified a scroll of acquirement
 10767 | D:11     | Acquired 766 gold pieces
 10823 | D:11     | Noticed a two-headed ogre
 10828 | D:11     | Killed a two-headed ogre
 10929 | D:11     | Found a runed translucent door.
 10934 | D:11     | Found a shimmering altar of Xom.
 10934 | D:11     | Noticed Vioq's ghost (journeyman DEEE)
 10934 | D:11     | Noticed a +2 dire flail of chaos
 10949 | D:11     | HP: 5/101 [+2 dire flail of chaos (19)]
 10949 | D:11     | Slain by a +2 dire flail of chaos

Illustrated notes

Levels and vault maps discovered:
D:1:      onia_arrival_zoo_common, layout_basic, minmay_box_of_dots
D:2:      layout_basic, minivault_19
D:3:      layout_basic, trog_book, nicolae_overflow_hidden_temple,
          tgw_kikubaaqudgha, uniq_terence, uniq_robin
D:4:      layout_loops_corners, marbit_many_paths, minmay_temple_entry_trees,
          serial_shops, nicolae_take_the_stairs, uniq_crazy_yiuf_cottage
D:5:      layout_basic, kennysheep_little_box, enter_ossuary_3, uniq_pikel
D:6:      layout_basic, kennysheep_orc_sif_temple, mainiacjoe_overflow_alcove_1,
          serial_shops, nicolae_shop_trees, minmay_misc_feat_encased,
          kennysheep_doodads
D:7:      layout_rooms, elyvilon_altar_5, general_overflow_altar,
          mainiacjoe_overflow_two_lobes, roderic_batcave,
          hangedman_abyss_or_decor_stabs, serial_bayou_crossing
D:8:      layout_gridville
D:9:      layout_cross, dpeg_oklobed_lair, minmay_misc_feat_roman
D:10:     layout_cave_pools, nicolae_vehumet_radiance, serial_shops, shop,
          gammafunk_ghost_abyssal_escape
D:11:     layout_basic, ebering_ghost_xom, fedhas_altar_3, uniq_maurice
Temple:   cyrus_temple_forest

Skill      XL: |  1  2  3  4  5  6  7  8  9 10 11 |
---------------+----------------------------------+-----
Armour         | 4 5 6 8 9 11 13 14 | 14.3
Axes           | 3 4 5 6 7 9 11 12 14 | 14.1
Fighting       | 4 5 6 7 8 9 10 | 10.6
Shields        | |  3.6

Action                   |  1- 3 |  4- 6 |  7- 9 | 10-12 || total
-------------------------+-------+-------+-------+-------++-------
Melee: War axe           |    96 |   129 |   241 |   219 ||   685
       Headbutt          |     7 |    19 |    48 |    56 ||   130
       Battleaxe         |       |       |       |     7 ||     7
  Use: Potion            |       |     4 |     2 |     6 ||    12
       Scroll            |       |       |    23 |    14 ||    37
Armor: Scale mail        |    67 |    67 |   161 |   182 ||   477
Dodge: Dodged            |    74 |    73 |   124 |   151 ||   422
Block: Buckler           |    35 |    38 |    48 |    71 ||   192

Table legend: (Time is in decaauts)
 A = Elapsed time spent in this place.
 B = Non-inter-level travel time spent in this place.
 C = Inter-level travel time spent in this place.
 D = Time resting spent in this place.
 E = Time spent auto-exploring this place.
 F = Levels seen in this place.
 G = Mean time per level.
                   A        B        C        D        E       F      G
               +--------+--------+--------+--------+--------+-----+--------+
         Total |  11017 |  10334 |    683 |    602 |   6858 |  13 |  847.5 |
       Dungeon |  10631 |   9948 |    683 |    564 |   6744 |  11 |  966.5 |
        Temple |    117 |    117 |      0 |      0 |     40 |   1 |  117.0 |
       Ossuary |    268 |    268 |      0 |     38 |     74 |   1 |  268.0 |
               +--------+--------+--------+--------+--------+-----+--------+

Top non-repeatable levels by time:
     D:4: 1621 daAuts
     D:5: 1144 daAuts
     D:3: 1008 daAuts
     D:1: 1008 daAuts
     D:8: 997 daAuts
     D:2: 868 daAuts
     D:7: 852 daAuts
    D:10: 847 daAuts
     D:9: 793 daAuts
     D:6: 777 daAuts
    D:11: 712 daAuts
 Ossuary: 268 daAuts
  Temple: 117 daAuts
